 Dungeon Crawl Stone Soup version 0.31-a0-865-g3d5d91748a (webtiles) character file.

Game seed: 12318948108893463954

1804 PoweredByGinger the Destroyer (level 8, -8/41 HPs)
             Began as a Deep Elf Conjurer on Oct 10, 2023.
             Shot with an arrow by a centaur (14 damage)
             ... on level 7 of the Dungeon.
             The game lasted 00:10:42 (6125 turns).

PoweredByGinger the Destroyer (Deep Elf Conjurer)   Turns: 6125, Time: 00:10:43

Health: -8/41      AC:  2    Str:  4      XL:     8   Next: 83%
Magic:  19/21      EV: 14    Int: 29      God:
Gold:   187        SH:  0    Dex: 12 (13) Spells: 12/22 levels left

rFire   . . .        i - +6 mace "Zutaisew" {flame, rPois rCorr Int+3}
rCold   . . .        (no shield)
rNeg    . . .        a - +0 robe
rPois   +            (no helmet)
rElec   .            (no cloak)
rCorr   +            (no gloves)
SInv    .            (no boots)
Will    .....        (no amulet)
Stlth   +++          (no ring)
HPRegen 0.26/turn    (no ring)
MPRegen 0.17/turn

%: no passive effects
@: no status effects
A: no striking features
a: no special abilities


You were on level 7 of the Dungeon.
You visited 1 branch of the dungeon, and saw 7 of its levels.

You collected 277 gold pieces.
You spent 90 gold pieces at shops.

Inventory:

Hand Weapons
 i - the +6 mace "Zutaisew" (weapon) {flame, rPois rCorr Int+3}
   (You found it on level 2 of the Dungeon)

   Int+3:     It affects your intelligence (+3).
   rPois:     It protects you from poison rCorr: It protects you from acid and
   corrosion.
 w - a +3 dagger
 y - a +0 quarterstaff
Missiles
 e - 9 poisoned darts
 g - 3 silver javelins
 x - 6 darts of dispersal
 A - 6 atropa-tipped darts
Armour
 a - a +0 robe (worn)
Talismans
 u - a blade talisman
Wands
 d - a wand of flame (9)
 p - a wand of roots (7)
Scrolls
 h - 2 scrolls of teleportation {unknown}
 j - a scroll of noise {unknown}
 l - a scroll of enchant armour {unknown}
 m - a scroll of amnesia {unknown}
 r - a scroll of brand weapon {unknown}
 v - a scroll of butterflies {unknown}
 z - a scroll of identify {unknown}
Potions
 b - a potion of magic
 c - a potion of heal wounds {unknown}
 f - 2 potions of mutation {unknown}
 k - 4 potions of might {unknown}
 n - a potion of resistance {unknown}
 o - a potion of ambrosia {unknown}
 q - 2 potions of berserk rage {unknown}
 s - a potion of attraction {unknown}
 t - 5 potions of curing


   Skills:
 + Level 5.9 Dodging
 + Level 7.0 Stealth
 + Level 7.5 Spellcasting
 * Level 9.4 Conjurations


You had 12 spell levels left.
You knew the following spells:

 Your Spells              Type           Power      Damage    Failure   Level
a - Magic Dart            Conj           100%       1d8       1%          1
b - Searing Ray           Conj           100%       2d8       1%          2
c - Dazzling Flash        Conj/Hex       76%        N/A       1%          3
d - Iskenderun's Mystic   Conj/Tloc      38%        2d9       7%          4

Your spell library contained the following spells:

 Spells                   Type           Power      Damage    Failure   Level
 Slow                     Hex            40%        N/A       4%          1
 Fulminant Prism          Conj/Hex       19%        3d10      7%          4
 Ensorcelled Hibernation  Hex/Ice        20%        N/A       8%          2
 Passwall                 Tmut/Erth      8%         N/A       8%          2
 Confusing Touch          Hex            10%        N/A       14%         3
 Sigil of Binding         Hex            10%        N/A       14%         3
 Swiftness                Air            10%        N/A       14%         3
 Vampiric Draining        Necr           10%        2d6       14%         3
 Anguish                  Hex/Necr       5%         N/A       43%         4
 Cause Fear               Hex            5%         N/A       43%         4
 Enfeeble                 Hex            5%         N/A       100%        7


Dungeon Overview and Level Annotations

Branches:
Dungeon (7/15)
 Temple: D:4-7

Altars:
Makhleb
Trog
Zin

Annotations:
D:3 exclusion: downstairs
D:6 Jeremiah


Message History

There is an open door here.
You open the door.
There is an open door here.
There is a shaft here.
As you open the door, it creaks loudly!
You hear a shout!
A centaur comes into view.
A centaur is nearby!
A centaur is nearby!
A centaur is nearby!
Found a tubular agate ring.
The centaur wields a +0 orcbow.
The centaur shoots an arrow.
The arrow barely misses you.
There is an open door here.
The centaur shoots an arrow.
The arrow hits you!
The centaur shoots an arrow.
The arrow completely misses you.
The centaur shoots an arrow.
The arrow hits you!
Casting: Searing Ray (safe; 1% risk of failure)
Confirm with . or Enter, or press ? or * to list all spells.
Okay, then.
Okay, then.
Casting: Searing Ray (safe; 1% risk of failure)
Confirm with . or Enter, or press ? or * to list all spells.
Aiming: Searing Ray (safe; 1% risk of failure)
Press: ? - help, Shift-Dir - straight line, f - centaur
Aim: a centaur, wielding a +0 orcbow (90% to hit)
The searing ray hits the centaur!
The centaur is moderately wounded. (Press . to maintain the ray.)
The centaur shoots an arrow.
The arrow hits you!
* * * LOW HITPOINT WARNING * * *
The centaur shoots an arrow.
The arrow hits you!
* * * LOW HITPOINT WARNING * * *
Unknown command.
You feel better.
Unknown command.
Okay, then.
You feel better.
The centaur shoots an arrow.
The arrow barely misses you.
The centaur shoots an arrow.
The arrow hits you.
* * * LOW HITPOINT WARNING * * *
Found 16 gold pieces.
The centaur shoots an arrow.
The arrow hits you!
You die...

......#...........#........#
......#...........#........#
......#...........# ...
......#...........# ....
.....##...........#.....
.....##...##.##+###.....
.....##...##.#..........
.............'..........
.^...........#..@.c.....
.............#..........
.............#..........
.^^...#......#.....###+#
.....####+####.....# ......
#.....+ ...... #...=.#
#...$.#


You could see a centaur.

Vanquished Creatures
  Sigmund (D:4)
  A black bear (D:6)
  2 ice beasts
  2 orc warriors
  An ogre (D:4)
  A phantom (D:5)
  A bullfrog (D:6)
  A scorpion (D:4)
  A gnoll sergeant (D:7)
  A howler monkey (D:6)
  2 quasits (D:6)
  2 hounds
  5 orc priests
  3 jellies
  2 iguanas
  3 orc wizards
  2 sleepcaps (D:5)
  9 adders
  3 gnolls (D:7)
  A shadow imp (D:6)
  2 white imps (D:6)
  An ufetubus (D:5)
  5 worms
  3 dart slugs
  16 orcs
  9 ball pythons
  3 bats (D:1)
  6 endoplasms
  A giant cockroach (D:4)
  5 goblins
  6 hobgoblins
  14 jackals
  4 quokkas
  5 kobolds
  5 rats
129 creatures vanquished.

Vanquished Creatures (others)
  A wizard (D:3)
1 creature vanquished.

Grand Total: 130 creatures vanquished

Notes
Turn   | Place    | Note
-------+----------+-------------------------------------------
     0 | D:1      | PoweredByGinger the Deep Elf Conjurer began the quest for
                  | the Orb.
     0 | D:1      | Reached XP level 1. HP: 10/10 MP: 6/6
   259 | D:1      | Reached XP level 2. HP: 15/15 MP: 6/8
   529 | D:1      | Reached skill level 5 in Conjurations
  1127 | D:2      | Identified the +6 mace "Zutaisew" {flame, rPois rCorr
                  | Int+3}
  1171 | D:2      | Reached XP level 3. HP: 12/19 MP: 1/10
  1380 | D:2      | Learned a level 2 spell: Searing Ray
  1578 | D:2      | Reached XP level 4. HP: 13/24 MP: 8/12
  2233 | D:3      | Found a bloodstained altar of Trog.
  2292 | D:3      | Reached XP level 5. HP: 28/28 MP: 13/13
  2297 | D:3      | Reached skill level 6 in Conjurations
  2390 | D:3      | Found a glowing silver altar of Zin.
  2391 | D:3      | Found Zin's Purification Station.
  2397 | D:3      | Bought a potion of curing for 90 gold pieces
  2546 | D:3      | Noticed a wizard
  2552 | D:3      | Killed a wizard
  2758 | D:4      | Noticed an ogre
  2840 | D:4      | Learned a level 3 spell: Dazzling Flash
  2847 | D:4      | Killed an ogre
  3116 | D:4      | Reached skill level 5 in Spellcasting
  3116 | D:4      | Reached XP level 6. HP: 8/32 MP: 8/15
  3230 | D:4      | Noticed Sigmund
  3234 | D:4      | Killed Sigmund
  3235 | D:4      | Reached skill level 7 in Conjurations
  3877 | D:5      | Entered Level 5 of the Dungeon
  3877 | D:5      | Noticed an orc warrior
  3882 | D:4      | Reached XP level 7. HP: 19/36 MP: 13/17
  4167 | D:5      | Reached skill level 5 in Stealth
  4987 | D:6      | Reached skill level 8 in Conjurations
  5105 | D:6      | Noticed Jeremiah
  5109 | D:6      | Reached XP level 8. HP: 29/41 MP: 12/19
  5313 | D:6      | Reached skill level 5 in Dodging
  5726 | D:7      | Reached skill level 9 in Conjurations
  5849 | D:7      | Found a burning altar of Makhleb.
  6043 | D:7      | Learned a level 4 spell: Iskenderun's Mystic Blast
  6122 | D:7      | HP: 1/41 [centaur/arrow (10)]
  6125 | D:7      | Shot with an arrow by a centaur

Illustrated notes

Levels and vault maps discovered:
D:1:      nzn_arrival_settlement, layout_basic, nicolae_kite_square_tiling_tiny,
          grunt_decor_one_mirror
D:2:      layout_basic, chequers_serial_rivers_micro_e
D:3:      layout_basic, trog_wizard, zin_purify, minmay_tree_intersection
D:4:      layout_basic, uniq_sigmund
D:5:      layout_basic
D:6:      layout_rooms, serial_demonic, serial_demonic_g, serial_demonic_b,
          serial_demonic_b, serial_demonic_f, uniq_jeremiah
D:7:      layout_gridville, temple_doors_ab, minmay_holes, grunt_ogre_cave,
          david_defended_altar_orc

Skill      XL: |  1  2  3  4  5  6  7  8 |
---------------+-------------------------+-----
Conjurations   | 5 6 7 8 9 |  9.4
Stealth        | 3 4 5 7 |  7.0
Spellcasting   | 4 5 6 7 |  7.5
Dodging        | 3 4 5 |  5.9

Action                     |  1- 3 |  4- 6 |  7- 9 || total
---------------------------+-------+-------+-------++-------
  Melee: Unarmed           |     1 |       |       ||     1
         Dagger            |    45 |       |       ||    45
         Mace              |    12 |    43 |    26 ||    81
   Cast: Magic Dart        |    42 |    16 |    22 ||    80
         Searing Ray       |     1 |    15 |    39 ||    55
         Dazzling Flash    |       |     1 |       ||     1
    Use: Potion            |       |     1 |     2 ||     3
   Stab: Sleeping          |     2 |     8 |     1 ||    11
 Armour: Robe              |    41 |    34 |    49 ||   124
  Dodge: Dodged            |    53 |    51 |    67 ||   171

Table legend: (Time is in decaauts)
 A = Elapsed time spent in this place.
 B = Non-inter-level travel time spent in this place.
 C = Inter-level travel time spent in this place.
 D = Time resting spent in this place.
 E = Time spent auto-exploring this place.
 F = Levels seen in this place.
 G = Mean time per level.
                   A        B        C        D        E       F      G
               +--------+--------+--------+--------+--------+-----+--------+
         Total |   6158 |   5752 |    406 |   1976 |   2838 |   7 |  879.7 |
       Dungeon |   6158 |   5752 |    406 |   1976 |   2838 |   7 |  879.7 |
               +--------+--------+--------+--------+--------+-----+--------+

Top non-repeatable levels by time:
     D:4: 1184 daAuts
     D:1: 1112 daAuts
     D:5: 1087 daAuts
     D:3: 869 daAuts
     D:2: 819 daAuts
     D:6: 781 daAuts
     D:7: 304 daAuts
